 Dungeon Crawl Stone Soup version 0.30-a0-748-ge6a52f7cba (webtiles) character file.

Game seed: 12709229684378331062

32 Esekla the Sneak (level 3, 26/26 HPs)
             Began as an Octopode Delver on Feb 8, 2023.
             Quit the game on level 5 of the Dungeon.
             The game lasted 00:00:54 (88 turns).

Esekla the Sneak (Octopode Delver)                    Turns: 88, Time: 00:00:55

Health: 26/26      AC:  1    Str: 11    XL:     3   Next: 25%
Magic:  3/3        EV: 13    Int: 14    God:
Gold:   16         SH:  0    Dex: 13    Spells: 2/2 levels left

rFire   . . .      SeeInvis .    c - +0 dagger
rCold   . . .      Faith    .    (no shield)
rNeg    . . .      Spirit   .    (helmet restricted)
rPois   .          Reflect  .    (no amulet)
rElec   .          Harm     .    (no ring)
rCorr   .          Rampage  .    (no ring)
Will    .....                    (no ring)
Stlth   +++++                    (no ring)
HPRegen 0.24/turn                (no ring)
MPRegen 0.08/turn                (no ring)
                                 (no ring)
                                 (no ring)

@: no status effects
A: almost no armour, amphibious, 8 rings, camouflage 1, gelatinous body 1,
(nimble swimmer 1), tentacles
a: no special abilities


You were on level 5 of the Dungeon.
You visited 1 branch of the dungeon, and saw 1 of its levels.

You collected 16 gold pieces.

Inventory:

Hand Weapons
 a - a +0 falchion
 c - a +0 dagger (weapon)
Wands
 f - a wand of digging (3)
Scrolls
 b - a scroll of fog
 d - a scroll of fear
Potions
 e - a potion of haste


   Skills:
 * Level 3.2 Fighting
 * Level 2.1 Long Blades
 * Level 2.0 Dodging
 + Level 7.7 Stealth


You had 2 spell levels left.
You didn't know any spells.
Your spell library was empty.

Dungeon Overview and Level Annotations

Branches:
Dungeon (5/15)
 Temple: D:4-7

Altars:

Shops:
D:5 ?


Innate Abilities, Weirdness & Mutations

You cannot wear most types of armour.
You are amphibious.
You can wear up to eight rings at the same time.
Your skin changes colour to match your surroundings (Stealth+).
Your rubbery body absorbs attacks. (AC +1, EV +1)
((You are camouflaged when in or above water. (Stealth+)))
You have tentacles for arms and can constrict up to eight enemies at once.


Message History

Welcome, Esekla the Octopode Delver.
Everyone else who sought the Orb of Zot has failed.
Will you be different?
Press ? for a list of commands and other information.
Found a stone staircase leading down.
As you read the scroll of magic mapping, it crumbles to dust.
You feel aware of your surroundings.
You sensed 1 shop/portal.
A dart slug comes into view.
The helpless dart slug fails to defend itself.
You slash the dart slug!
You kill the dart slug!
Found a dagger.
You see here a dart slug corpse.
You see here a +0 dagger.
c - a +0 dagger
Found a stone staircase leading down.
Found a stone staircase leading up.
Found an escape hatch in the ceiling.
A hound comes into view.
Found 16 gold pieces.
c - a +0 dagger (weapon)
The helpless hound fails to defend itself.
You impale the hound!!
You kill the hound!
Your Stealth skill increases to level 7!
You have reached level 2!
You have reached level 3!
Your experience leads to an increase in your attributes!
Increase (S)trength, (I)ntelligence, or (D)exterity?
You feel clever. x2
You now have 16 gold pieces.
You open the door.
Found Symp's Magic Scroll Boutique.
There is an open door here.
There is an entrance to Symp's Magic Scroll Boutique here.
Are you sure you want to abandon this character and quit the game? (Confirm with "yes".)

*,*,,,,,,,+,,,,,,,,,+.....
*,*,,,,****,,,,,,,,,#.##..
*,*,*,** **,,,,,>,*#.....
*,,,,,* **,,,,,**######
***,*** **,,,**
***,******* *#+#*
*,,,,,,,,,* #.#
*,*,***,#+#####<####
*,*,,,,,+@'.##.....##
*,*****,#+#.†.<.....######
*,*****,#.##..............
*,,,,,,,#...........######
********####.#......#
#........# ##########


There were no monsters in sight!

Vanquished Creatures
  A hound (D:5)
  A dart slug (D:5)
2 creatures vanquished.

Notes
Turn   | Place    | Note
-------+----------+-------------------------------------------
     0 | D:5      | Esekla the Octopode Delver began the quest for the Orb.
     0 | D:5      | Reached XP level 1. HP: 16/16 MP: 1/1
    69 | D:5      | Noticed a hound
    77 | D:5      | Killed a hound
    78 | D:5      | Reached skill level 7 in Stealth
    78 | D:5      | Reached XP level 2. HP: 21/21 MP: 2/2
    78 | D:5      | Reached XP level 3. HP: 26/26 MP: 3/3
    85 | D:5      | Found Symp's Magic Scroll Boutique.
    88 | D:5      | Quit the game

Illustrated notes

Levels and vault maps discovered:
D:5:      layout_loops_corners, ebering_ghost_rock_garden, serial_shops,
          nicolae_shop_behind_doors

Skill      XL: |  1 |
---------------+----+-----
Stealth        | 7 |  7.7
Fighting       | |  3.2
Long Blades    | |  2.1
Dodging        | |  2.0

Action                     || total
---------------------------++-------
  Melee: Dagger            ||     1
         Falchion          ||     1
    Use: Scroll            ||     1
   Stab: Sleeping          ||     2

Table legend: (Time is in decaauts)
 A = Elapsed time spent in this place.
 B = Non-inter-level travel time spent in this place.
 C = Inter-level travel time spent in this place.
 D = Time resting spent in this place.
 E = Time spent auto-exploring this place.
 F = Levels seen in this place.
 G = Mean time per level.
                   A        B        C        D        E       F      G
               +--------+--------+--------+--------+--------+-----+--------+
         Total |     87 |     87 |      0 |      0 |      0 |   1 |   87.0 |
       Dungeon |     87 |     87 |      0 |      0 |      0 |   1 |   87.0 |
               +--------+--------+--------+--------+--------+-----+--------+

Top non-repeatable levels by time:
     D:5: 87 daAuts
